 Dungeon Crawl Stone Soup version 0.18.1-50-g88ac8fd (webtiles) character file.

45113 Kwzr the Basher (level 13, -9/89 HPs)
             Began as a Demonspawn Fighter on Oct 29, 2016.
             Was a High Priest of Ashenzari.
             Killed from afar by a fire dragon (41 damage)
             ... with a blast of flame
             ... on level 8 of the Lair of Beasts.
             The game lasted 01:52:16 (17451 turns).

Kwzr the Basher (Demonspawn Fighter)               Turns: 17451, Time: 01:52:16

Health: -9/89      AC: 26    Str: 22    XL:     13   Next: 99%
Magic:  13/13      EV: 11    Int: 10    God:    Ashenzari [*****.]
Gold:   848        SH: 14    Dex: 18    Spells: 0 memorised, 12 levels left

rFire  . . .     SeeInvis +     O - +2 flail of the Orcish Mines {pain, rElec Stlth+} (curse)
rCold  + + .     Gourm    .     K - +3 plate armour of the Pink Corner {rF- MR+++ Dex+6} (curse)
rNeg   . . .     Faith    .     c - +0 shield (curse)
rPois  .         Spirit   .     (helmet restricted)
rElec  +         Dismiss  .     q - +0 cloak (curse)
rCorr  .         Reflect  .     e - +0 pair of gloves (curse)
SustAt .         Harm     .     (boots unavailable)
MR     ++++.     Clarity  +     x - amulet of regeneration (curse)
Stlth  ..........               L - ring of protection from cold
                                E - ring of protection from magic (curse)

@: very slightly contaminated, hasted, very quick, incredibly resistant to
hostile enchantments, extremely unstealthy
A: horns 1, talons 3, slimy green scales 2, cold resistance 1, fire resistance
1, frail 1, regeneration 1, spiny 1, subdued magic 1
a: End Transfer Knowledge, Curse Item, Scrying, Transfer Knowledge, Renounce
Religion


You were on level 8 of the Lair of Beasts.
You worshipped Ashenzari.
Ashenzari was extremely pleased with you.
You were not hungry.

You visited 3 branches of the dungeon, and saw 19 of its levels.
You also visited: Ice Cave.

You collected 1082 gold pieces.
You spent 234 gold pieces at shops.

Inventory:

Hand Weapons
 a - a +1 flail
 k - a +1 morningstar
 l - a +0 triple sword
 I - a +0 whip of distortion
 O - the cursed +2 flail of the Orcish Mines (weapon) {pain, rElec Stlth+}
   (You found it on level 5 of the Lair of Beasts)

   In the hands of one skilled in necromantic magic, it inflicts extra damage on
   living creatures.
   It insulates you from electricity.
   It makes you more stealthy.
   It has a curse placed upon it.
 U - a +1 flail of protection
Missiles
 u - 2 tomahawks
 y - 35 poisoned needles
 R - a javelin (quivered)
Armour
 c - a cursed +0 shield (worn)
 e - a cursed +0 pair of gloves (worn)
 m - the +2 ring mail of Parlour Games {rPois rN+}
   (You bought it in a shop on level 6 of the Dungeon)

   It protects you from poison.
   It protects you from negative energy.
 q - a cursed +0 cloak (worn)
 G - the +0 leather armour of Ethics {Str+5}
   (You found it on level 7 of the Dungeon)

   It affects your strength (+5).
 K - the cursed +3 plate armour of the Pink Corner (worn) {rF- MR+++ Dex+6}
   (You found it on level 7 of the Dungeon)

   It affects your dexterity (+6).
   It makes you vulnerable to fire.
   It affects your resistance to hostile enchantments.
   It has a curse placed upon it.
Jewellery
 g - an uncursed ring of sustain attributes
 x - a cursed amulet of regeneration (around neck)
 E - a cursed ring of protection from magic (left hand)
 L - a ring of protection from cold (right hand)
Wands
 t - a wand of flame (17/48)
 w - a wand of random effects (25/48)
 C - a wand of paralysis (11/24)
 D - a wand of slowing (15/48)
 Q - a wand of lightning (4/15)
 X - a wand of flame (30/48)
Scrolls
 h - 3 scrolls of noise
 i - 5 scrolls of teleportation
 o - a scroll of fear
 z - 15 scrolls of identify
 F - 2 scrolls of fog
 M - 4 scrolls of magic mapping
 N - a scroll of remove curse
 T - a scroll of enchant armour
 W - 3 scrolls of amnesia
Potions
 b - 3 potions of brilliance
 d - a potion of might
 j - 7 potions of ambrosia
 p - a potion of flight
 r - 3 potions of heal wounds
 A - 3 potions of magic
 B - 2 potions of haste
 J - 5 potions of curing
 S - 2 potions of invisibility
 V - a potion of resistance
Books
 v - a book of Misfortune

   Spells                             Type                      Level
   a - Confusing Touch                Hexes                        2
   b - Confuse                        Hexes                        3
   c - Gell's Gravitas                Hexes/Translocation          3
   d - Petrify                        Transmutation/Earth          4
   e - Metabolic Englaciation         Hexes/Ice                    5
   f - Yara's Violent Unravelling     Hexes/Transmutation          5
Comestibles
 f - 12 bread rations
 n - 15 fruits
 s - 7 meat rations
 H - 2 beef jerkies
 P - 9 royal jellies
 Y - a chunk of flesh


   Skills:
 * Level 8.7 Fighting
 * Level 12.6(16.2) Maces & Flails
 * Level 11.8(15.5) Armour
 + Level 6.5 Dodging
 * Level 11.1(13.5) Shields


You had 12 spell levels left.
You didn't know any spells.

Dungeon Overview and Level Annotations

Branches:
Dungeon (10/15)            Temple (1/1) D:6            Lair (8/8) D:10
  Swamp (0/4) Lair:4       Spider (0/4) Lair:6
  Slime: Lair:6-8       Orc: D:9-12

Altars:
Ashenzari
Cheibriados
Elyvilon
Fedhas
Gozag
Kikubaaqudgha
Makhleb
Nemelex Xobeh
Okawaru
Qazlal
Ru
Trog
Vehumet
Xom
Yredelemnul
The Shining One

Shops:
D:6 [

Annotations:
D:7 zigs's ghost, novice MiGl
Lair:4 exclusion: downstairs


Innate Abilities, Weirdness & Mutations

You have claws for feet.
You are mostly covered in slimy green scales (AC +3).
Your flesh is cold resistant.
You are partially covered in sharp spines.
You have a pair of small horns on your head.
Your flesh is heat resistant.
You are frail (-10% HP).
Your natural rate of healing is unusually fast.
Your spells are a little easier to cast, but a little less powerful.


Message History

You enter the shallow water.
Moving in this stuff is going to be slow.
The steam dragon breathes steam at you. The ball of steam hits you!
* * * LOW HITPOINT WARNING * * *
You enter the shallow water.
Moving in this stuff is going to be slow.
Drink which item? (? for menu, Esc to quit)
You feel yourself speed up.
You are very lightly contaminated with residual magic.
Drink which item? (? for menu, Esc to quit)
You feel much better. The fire dragon breathes flames at you.
The blast of flame hits you!
* * * LOW HITPOINT WARNING * * *
Something bites the plant but does no damage.
Something claws the plant but does no damage.
The fire dragon breathes flames at you. The blast of flame hits you!
You die...

...P....P###.....#
#.....P........P.##
###....#........PP##
..###...##.#.#.P..P#
....#.P.######..PP##
..†..†.## ##P...####
#...P..# #.PP#.P.# ##.P...##
##†..P..# ##.....##
###.@.....# { #......#
#..#......#####
PPP.#÷##.####.#.#....###PP#
....##.###..P...P.........#
P.##..÷..#...DPPPPP..P....##
.P..............P..........#
.PPP........D.............##
P.PP.........##############
...P#P≈≈PP.### ♣♣♣♣♣♣♣♣


You could see a fire dragon and a steam dragon.

Vanquished Creatures
  A hydra (Lair:4)
  The ghost of mishamorgan the Geomancer, a journeyman GrEE of Elyvilon (Lair:3)
  A centaur warrior (D:9)
  12 death yaks
  A hill giant (D:10)
  7 elephants
  6 black mambas
  2 torpor snails
  13 spiny frogs
  An ice statue (IceCv)
  A rime drake (Lair:8)
  6 komodo dragons
  6 ice devils (IceCv)
  A jumping spider (Lair:6)
  6 polar bears
  15 blink frogs
  2 redbacks (Lair:6)
  A spriggan (Lair:7)
  Sigmund (D:4)
  39 yaks
  2 basilisks
  2 wyverns
  A hungry ghost (D:10)
  2 steam dragons
  Grum (D:8)
  2 hippogriffs
  2 mottled dragons (Lair:8)
  15 porcupines
  15 water moccasins
  3 ice beasts
  4 sky beasts
  4 orc warriors
  6 ogres
  A phantom (D:8)
  2 black bears
  3 wasps
  11 wolves
  5 centaurs
  13 crocodiles
  A big kobold (D:8)
  11 giant frogs
  A gnoll sergeant (D:9)
  A wyvern skeleton (D:6)
  4 scorpions
  2 giant frog zombies
  2 crimson imps
  A wasp zombie (D:7)
  A quasit (D:9)
  7 hounds
  3 jellies (D:8)
  A centaur skeleton (D:6)
  6 orc priests
  8 orc wizards
  Jessica (D:3)
  3 giant frog skeletons
  8 iguanas
  Terence (D:3)
  14 worker ants
  8 sheep (D:10)
  A hound zombie (D:9)
  3 hound skeletons
  2 worker ant zombies
  Robin (D:4)
  11 gnolls
  18 adders
  69 river rats
  2 shadow imps
  5 white imps (IceCv)
  4 ufetubi (IceCv)
  6 oozes
  An adder skeleton (D:6)
  3 worms
  5 dart slugs
  4 giant geckos
  29 orcs
  9 bats
  A giant cockroach (D:3)
  14 goblins
  7 hobgoblins
  5 jackals
  6 quokkas
  5 ball pythons
  4 giant newts
  8 kobolds
  A quokka skeleton (D:8)
  9 rats
  A spectral orc (D:2)
  A fungus (Lair:8)
  2 plants
538 creatures vanquished.

Vanquished Creatures (collateral kills)
  4 river rats (Lair:6)
4 creatures vanquished.

Vanquished Creatures (others)
  The ghost of Gargoyl the Agent of Entropy, a novice DsAK of Lugonu (IceCv)
  4 white imps (IceCv)
  3 ufetubi (IceCv)
  19 fungi
  31 plants
58 creatures vanquished.

Grand Total: 600 creatures vanquished

Notes
Turn   | Place    | Note
--------------------------------------------------------------
     0 | D:1      | Kwzr the Demonspawn Fighter began the quest for the Orb.
     0 | D:1      | Reached XP level 1. HP: 18/18 MP: 1/1
   201 | D:1      | Reached skill level 2 in Maces & Flails
   201 | D:1      | Gained mutation: You are partially covered in sharp spines. [demonic ancestry]
   201 | D:1      | Reached XP level 2. HP: 23/24 MP: 2/2
   951 | D:2      | Reached XP level 3. HP: 29/29 MP: 3/3
  1176 | D:2      | Found a basalt altar of Yredelemnul.
  1355 | D:2      | Reached XP level 4. HP: 35/35 MP: 4/4
  1773 | D:3      | Gained mutation: Your flesh is heat resistant. [potion of beneficial mutation]
  1774 | D:3      | Gained mutation: You have a pair of small horns on your head. [potion of beneficial mutation]
  1811 | D:3      | Noticed Terence
  1827 | D:3      | Killed Terence
  1973 | D:3      | Noticed Jessica
  1984 | D:3      | Killed Jessica
  1984 | D:3      | Reached skill level 3 in Maces & Flails
  1984 | D:3      | Gained mutation: You are partially covered in slimy green scales (AC +2). [demonic ancestry]
  1984 | D:3      | Reached XP level 5. HP: 42/42 MP: 5/5
  2261 | D:3      | Found a bloodstained altar of Trog.
  2261 | D:3      | Found a sacrificial altar of Ru.
  2667 | D:4      | Gained mutation: You are mostly covered in slimy green scales (AC +3). [demonic ancestry]
  2667 | D:4      | Reached XP level 6. HP: 37/48 MP: 6/6
  2798 | D:4      | Noticed Robin
  2837 | D:4      | Killed Robin
  2847 | D:4      | Gained mutation: Your spells are a little easier to cast, but a little less powerful. [potion of mutation]
  2847 | D:4      | Gained mutation: Your natural rate of healing is unusually fast. [potion of mutation]
  2847 | D:4      | Gained mutation: You are frail (-10% HP). [potion of mutation]
  3006 | D:4      | Noticed Sigmund
  3034 | D:4      | Killed Sigmund
  3433 | D:5      | Entered Level 5 of the Dungeon
  3433 | D:5      | Found a shattered altar of Ashenzari.
  3447 | D:5      | Became a worshipper of Ashenzari the Shackled
  3515 | D:5      | Found a radiant altar of Vehumet.
  3537 | D:5      | Gained mutation: You have sharp toenails. [demonic ancestry]
  3537 | D:5      | Reached XP level 7. HP: 49/49 MP: 7/7
  3571 | D:5      | Reached skill level 4 in Maces & Flails
  3682 | D:4      | Reached skill level 5 in Fighting
  3865 | D:5      | Reached skill level 5 in Armour
  3877 | D:5      | Found a white marble altar of Elyvilon.
  3909 | D:5      | Gained mutation: You have razor-sharp toenails. [demonic ancestry]
  3909 | D:5      | Reached XP level 8. HP: 50/56 MP: 8/8
  3961 | D:5      | Reached skill level 5 in Shields
  4043 | D:5      | Reached * piety under Ashenzari
  4113 | D:5      | Reached skill level 5 in Maces & Flails
  4134 | D:5      | Found an iron altar of Okawaru.
  4135 | D:5      | Found a blossoming altar of Fedhas.
  4847 | D:6      | Found a staircase to the Ecumenical Temple.
  4961 | Temple   | Entered the Ecumenical Temple
  5183 | D:6      | Found Netomink's Antique Armour Emporium.
  5253 | D:6      | Bought a bloodstained ring mail for 234 gold pieces
  5253 | D:6      | Identified the +2 ring mail of Parlour Games {rPois rN+} (You bought it in a shop on level 6 of the Dungeon)
  5264 | D:6      | Reached XP level 9. HP: 63/63 MP: 9/9
  5503 | D:7      | Reached skill level 6 in Maces & Flails
  5680 | D:7      | Identified the +0 leather armour of Ethics {Str+5}
  5802 | D:7      | Noticed zigs's ghost (novice MiGl)
  5980 | D:7      | Found a shimmering altar of Xom.
  6089 | D:7      | Reached ** piety under Ashenzari
  6175 | D:7      | Reached skill level 1 in Dodging
  6274 | D:7      | Got the uncursed plate armour of the Pink Corner {rF- MR+++ Dex+6}
  6285 | D:7      | Identified the +3 plate armour of the Pink Corner {rF- MR+++ Dex+6} (You found it on level 7 of the Dungeon)
  6341 | D:8      | Noticed Grum
  6359 | D:8      | Killed Grum
  6659 | D:8      | Found a shimmering altar of Xom.
  6723 | D:8      | Gained mutation: You have claws for feet. [demonic ancestry]
  6723 | D:8      | Reached XP level 10. HP: 65/71 MP: 10/10
  7439 | D:9      | Reached skill level 7 in Maces & Flails
  7558 | D:9      | Noticed a centaur warrior
  7579 | D:9      | Killed a centaur warrior
  7691 | D:9      | Reached *** piety under Ashenzari
  7918 | D:10     | Entered Level 10 of the Dungeon
  7981 | D:10     | Noticed a hill giant
  7994 | D:10     | Killed a hill giant
  8332 | D:10     | Reached XP level 11. HP: 73/78 MP: 11/11
  8340 | D:10     | Found a staircase to the Lair.
  8362 | Lair:1   | Entered Level 1 of the Lair of Beasts
  8498 | Lair:1   | Found a frozen archway.
  8508 | IceCv    | Entered an ice cave
  8715 | IceCv    | Reached skill level 8 in Maces & Flails
  8722 | IceCv    | Killed Gargoyl's ghost
 10673 | Lair:2   | Reached **** piety under Ashenzari
 10762 | Lair:2   | Reached skill level 10 in Fighting
 11127 | Lair:3   | Reached skill level 9 in Maces & Flails
 11132 | Lair:3   | Noticed mishamorgan's ghost (journeyman GrEE)
 11141 | Lair:3   | Killed mishamorgan's ghost
 11141 | Lair:3   | Gained mutation: Your flesh is cold resistant. [demonic ancestry]
 11141 | Lair:3   | Reached XP level 12. HP: 82/87 MP: 12/12
 11169 | Lair:4   | Found a staircase to the Swamp.
 11183 | Lair:4   | Noticed a death yak
 11184 | Lair:4   | Noticed a death yak
 11184 | Lair:4   | Noticed a death yak
 11184 | Lair:4   | Noticed a death yak
 11184 | Lair:4   | Noticed a death yak
 11223 | Lair:3   | Killed a death yak
 12500 | Lair:4   | Noticed a death yak
 12500 | Lair:4   | Noticed a death yak
 12500 | Lair:4   | Noticed a death yak
 12501 | Lair:4   | Noticed a death yak
 12501 | Lair:4   | Noticed a death yak
 12501 | Lair:4   | Noticed a death yak
 12565 | Lair:3   | Killed a death yak
 13060 | Lair:4   | Reached ***** piety under Ashenzari
 13111 | Lair:4   | Reached skill level 5 in Dodging
 13242 | Lair:4   | Reached skill level 10 in Maces & Flails
 13331 | Lair:4   | Killed a death yak
 13331 | Lair:4   | Reached skill level 10 in Armour
 13331 | Lair:4   | Reached skill level 10 in Shields
 13348 | Lair:4   | Killed a death yak
 13348 | Lair:4   | Reached skill level 11 in Maces & Flails
 13359 | Lair:4   | Killed a death yak
 14205 | Lair:5   | Noticed a seven-headed hydra
 14216 | Lair:5   | Reached XP level 13. HP: 78/89 MP: 13/13
 14504 | Lair:5   | Reached skill level 12 in Maces & Flails
 14579 | Lair:5   | Identified the cursed +2 flail of the Orcish Mines {pain, rElec Stlth+}
 15374 | Lair:6   | Found a hole to the Spider Nest.
 16928 | Lair:8   | Entered Level 8 of the Lair of Beasts
 17413 | Lair:8   | Noticed a fire dragon
 17451 | Lair:8   | Killed from afar by a fire dragon

Skill      XL: |  1  2  3  4  5  6  7  8  9 10 11 12 13 |
---------------+----------------------------------------+-----
Maces & Flails | 2 3 4 5 6 7 9 11 12 | 12.6
Shields        | 3 4 5 6 8 9 10 11 | 11.1
Armour         | 3 4 5 6 7 8 9 10 11 | 11.8
Fighting       | 4 5 6 7 8 10 8 8 |  8.7
Dodging        | 2 3 4 5 6 |  6.5

Action                   |  1- 3 |  4- 6 |  7- 9 | 10-12 | 13-15 || total
-------------------------+-------+-------+-------+-------+-------++-------
Melee: Flail             |    66 |   144 |   319 |   452 |   518 ||  1499
       Headbutt          |       |    28 |    71 |   265 |   181 ||   545
       Kick              |       |       |    15 |   407 |   266 ||   688
       Morningstar       |       |       |       |   418 |    51 ||   469
Throw: Javelin           |       |       |    25 |    13 |     2 ||    40
Invok: Curse Item        |       |     2 |     4 |     2 |     2 ||    10
       Transfer Knowledg |       |       |       |     1 |     1 ||     2
Evoke: Wand              |       |       |     3 |     6 |       ||     9
  Use: Scroll            |       |     8 |     7 |     8 |     3 ||    26
       Potion            |       |     7 |       |     9 |     6 ||    22
  Eat: Chunk             |     1 |     7 |    11 |    15 |    10 ||    44
       Fruit             |       |       |     2 |       |     1 ||     3
       Royal jelly       |       |       |       |     3 |       ||     3
       Beef jerky        |       |       |       |     2 |       ||     2
       Pizza             |       |       |       |     1 |       ||     1
Armor: Scale mail        |    18 |    47 |    98 |       |       ||   163
       Plate armour      |       |       |    34 |   302 |   178 ||   514
       Leather armour    |       |       |     2 |       |       ||     2
Dodge: Dodged            |    12 |    26 |    61 |   152 |   119 ||   370
Block: Shield            |    28 |    59 |   151 |   454 |   283 ||   975
